 Dungeon Crawl Stone Soup version 0.29.1-12-g30fa7ad0bf (webtiles) character file.

Game seed: 5281205700943222730

608 Lutefisk the Stinger (level 7, 0/61 (67) HPs)
             Began as a Naga Venom Mage on Dec 28, 2022.
             Was an Initiate of Fedhas.
             Splashed by a jelly's acid (6 damage)
             ... on level 6 of the Dungeon.
             The game lasted 00:15:01 (2418 turns).

Lutefisk the Stinger (Naga Venom Mage)              Turns: 2418, Time: 00:15:03

HP:   0/61 (67)     AC: -14   Str: 16    XL:     7   Next: 43%
MP:   10/10         EV: 10    Int: 15    God:    Fedhas [......]
Gold: 207           SH:  0    Dex: 14    Spells: 4/10 levels left

rFire   . . .      SeeInvis +   o - +1 long sword
rCold   . . .      Faith    .   (no shield)
rNeg    + . .      Spirit   .   a - +0 robe
rPois   +          Reflect  .   (no helmet)
rElec   .          Harm     .   A - +0 cloak
rCorr   .          Rampage  .   h - +0 pair of gloves
Will    .....                   (no barding)
Stlth   +++.......              (no amulet)
HPRegen 0.20/turn               z - +6 ring of strength
MPRegen 0.12/turn               B - ring of positive energy

@: about to teleport, corroded, drained, very slow
A: AC +2, large, see invisible, deformed body, poison resistance, slowness 2,
spit poison 1, naga tail 1
a: Spit Poison, Renounce Religion


You were on level 6 of the Dungeon.
You worshipped Fedhas.
Fedhas was noncommittal.
You visited 2 branches of the dungeon, and saw 7 of its levels.

You collected 207 gold pieces.

Inventory:

Hand Weapons
 e - a +0 dagger
 o - a +1 long sword (weapon)
 s - a +1 hand axe of freezing
 u - a +0 dagger of venom
Missiles
 k - 3 poisoned darts
Armour
 a - a +0 robe (worn)
 h - a +0 pair of gloves (worn)
 t - a +0 kite shield
 A - a +0 cloak (worn)
Jewellery
 z - a +6 ring of strength (left hand)
 B - a ring of positive energy (right hand)
Scrolls
 c - a scroll of enchant weapon
 j - a scroll of acquirement {unknown}
 l - a scroll of noise {unknown}
 m - a scroll of amnesia {unknown}
 n - 2 scrolls of identify
 q - 3 scrolls of poison
 r - 3 scrolls of butterflies {unknown}
 w - a scroll of blinking {unknown}
 y - a scroll of vulnerability {unknown}
Potions
 b - a potion of magic
 d - a potion of heal wounds {unknown}
 f - a potion of degeneration {unknown}
 i - a potion of brilliance {unknown}
 p - a potion of resistance {unknown}
 v - 2 potions of attraction {unknown}
 x - a potion of curing


   Skills:
 * Level 5.2 Fighting
 - Level 1.0 Armour
 - Level 2.0 Dodging
 - Level 6.0 Stealth
 - Level 2.0 Spellcasting
 - Level 1.0 Conjurations
 - Level 1.0 Transmutations
 - Level 1.0 Air Magic
 - Level 6.0 Poison Magic


You had 4 spell levels left.
You knew the following spells:

 Your Spells              Type           Power      Damage    Failure   Level
a - Sting                 Tmut/Pois      48%        1d5       5%          1
b - Poisonous Vapours     Pois/Air       24%        N/A       8%          2
c - Mephitic Cloud        Conj/Pois/Air  9%         N/A       22%         3

Your spell library contained the following spells:

 Spells                   Type           Power      Damage    Failure   Level
 Olgreb's Toxic Radiance  Pois           19%        N/A       19%         4


Dungeon Overview and Level Annotations

Branches:
Dungeon (6/15)             Temple (1/1) D:4

Altars:
Ashenzari
Cheibriados
Dithmenos
Elyvilon
Fedhas
Gozag
Hepliaklqana
Kikubaaqudgha
Makhleb
Okawaru
Qazlal
Ru
Sif Muna
Trog
Uskayaw
Vehumet
Wu Jian
Yredelemnul
Zin
The Shining One

Shops:
D:3 (


Innate Abilities, Weirdness & Mutations

Your serpentine skin is tough. (AC +2)
You have supernaturally acute eyesight. (SInv)
Armour fits poorly on your strangely shaped body.
Your system is resistant to poisons. (rPois)
You cover ground very slowly.
You can spit poison.
You have a snake-like lower body.


Message History

The splash of poison hits the jelly.
The jelly is lightly wounded.
The jelly hits you. The acid corrodes you!
You are splashed with acid!
Unknown command.
Your +0 dagger of venom stops dripping with poison.
o - a +0 long sword (weapon)
You completely miss the jelly.
The jelly is lightly wounded.
The jelly hits you. The acid corrodes you!
You are splashed with acid.
You hit the jelly but do no damage.
Your hands burn!
The jelly is lightly wounded.
The jelly hits you. The acid corrodes you!
You are splashed with acid!
The jelly hits you.
You are splashed with acid!
It was a potion of curing.
You feel better. The jelly hits you.
You are splashed with acid!
As you read the scroll labelled ZUUDGH YCYN GEGU, it crumbles to dust.
It is a scroll of identify.
q - 3 scrolls of poison You have got your breath back.
The jelly barely misses you.
As you read the scroll labelled AVAIWY AVVYGRE, it crumbles to dust.
It is a scroll of enchant weapon.
Your +0 long sword glows red for a moment.
The jelly hits you.
* * * LOW HITPOINT WARNING * * *
The acid corrodes you!
You are splashed with acid!
* * * LOW HITPOINT WARNING * * *
You feel better. The jelly closely misses you.
As you read the scroll labelled HIANIL WEAMEACK, it crumbles to dust.
You feel strangely unstable.
It was a scroll of teleportation.
The jelly barely misses you. The jelly attacks as you move away!
The jelly hits you.
* * * LOW HITPOINT WARNING * * *
The acid corrodes you!
You are splashed with acid!
* * * LOW HITPOINT WARNING * * *
The jelly hits you.
* * * LOW HITPOINT WARNING * * *
You are splashed with acid.
You die...
Fedhas appreciates your contribution to the ecosystem.

###########...#
#######.............#
##...>...###..÷......#
#..########..#####...#
z......## ##...##
##### ####### #..###
#.## #.# ##### #@#
##...###J# #
#....#...#
.########....#.###
...)).).†.#....#
#...###..##..### ..###
##..#..## ###
##.....#######
#....##(<.....[.


You could see a jelly.

Vanquished Creatures
  An orc warrior (D:6)
  A bullfrog (D:6)
  A necrophage (D:6)
  2 scorpions
  2 hounds
  An orc priest (D:3)
  2 iguanas
  6 gnolls
  3 adders
  A worm (D:3)
  9 orcs
  An endoplasm (D:2)
  4 giant cockroaches
  3 hobgoblins
  3 quokkas
  6 ball pythons
  5 bats
  4 frilled lizards
  4 goblins
  5 kobolds
  2 rats
66 creatures vanquished.

Notes
Turn   | Place    | Note
-------+----------+-------------------------------------------
     0 | D:1      | Lutefisk the Naga Venom Mage began the quest for the Orb.
     0 | D:1      | Reached XP level 1. HP: 15/15 MP: 3/3
   140 | D:1      | Reached XP level 2. HP: 22/24 MP: 1/5
   209 | D:2      | Reached skill level 1 in Fighting
   297 | D:2      | Learned a level 2 spell: Poisonous Vapours
   655 | D:3      | Reached XP level 3. HP: 30/32 MP: 0/6
   786 | D:3      | Found Pedaacis's Weapon Boutique.
   809 | D:3      | Reached XP level 4. HP: 10/42 MP: 1/7
   812 | D:3      | HP: 2/42 [frilled lizard (3)]
  1245 | D:3      | Learned a level 3 spell: Mephitic Cloud
  1373 | D:4      | Reached XP level 5. HP: 47/50 MP: 8/8
  1485 | D:4      | Found a glowing golden altar of the Shining One.
  1493 | D:4      | Found a snail-covered altar of Cheibriados.
  1546 | D:4      | Reached skill level 1 in Conjurations
  1546 | D:4      | Reached skill level 1 in Air Magic
  1592 | D:4      | Reached skill level 1 in Armour
  1592 | D:4      | Reached skill level 5 in Stealth
  1592 | D:4      | Reached XP level 6. HP: 38/57 MP: 7/9
  1655 | D:4      | Found a staircase to the Ecumenical Temple.
  1668 | Temple   | Entered the Ecumenical Temple
  1772 | Temple   | Became a worshipper of Fedhas Madash
  1806 | D:5      | Entered Level 5 of the Dungeon
  1830 | D:5      | Reached skill level 5 in Poison Magic
  1899 | D:5      | Found a bloodstained altar of Trog.
  1899 | D:5      | Found an ancient bone altar of Kikubaaqudgha.
  1903 | D:5      | Noticed a water moccasin
  2058 | D:6      | Noticed an orc warrior
  2067 | D:6      | Killed an orc warrior
  2068 | D:6      | Reached XP level 7. HP: 42/66 MP: 2/10
  2076 | D:6      | Reached skill level 5 in Fighting
  2418 | D:6      | Splashed by a jelly's acid

Illustrated notes

Levels and vault maps discovered:
D:1:      eino_arrival_water_star, layout_rooms
D:2:      layout_basic, hangedman_abyss_or_decor_stabs
D:3:      layout_basic, serial_shops, shop, corexii_corridor_pit,
          solitary_fountain, nicolae_elevator_lobby_plus
D:4:      layout_rooms, mainiacjoe_overflow_catwalk_spiral,
          minmay_temple_entry_large_hall, minivault_24, nrook_mini_vaults,
          kennysheep_cross_room, sigmund_army
D:5:      black_bear_nest_1, layout_cave_pools, grunt_nemelex_the_gamble,
          gammafunk_temple_overflow_elements, serial_shops,
          nicolae_shop_waterfront
D:6:      gammafunk_cloud_chamber, layout_rooms
Temple:   regret_index_temple_sphere_string

Skill      XL: |  1  2  3  4  5  6  7 |
---------------+----------------------+-----
Stealth        | 4 5 6 |  6.0
Fighting       | 2 3 4 5 |  5.2
Dodging        | 2 |  2.0
Conjurations   | 1 |  1.0
Air Magic      | 1 |  1.0
Armour         | 1 |  1.0
Poison Magic   | 6 |  6.0
Spellcasting   | |  2.0
Transmutations | |  1.0

Action                   |  1- 3 |  4- 6 |  7- 9 || total
-------------------------+-------+-------+-------++-------
Melee: Dagger            |    15 |    79 |     8 ||   102
       Long sword        |    22 |     4 |    11 ||    37
       Hand axe          |       |       |    11 ||    11
       Punch             |       |       |     1 ||     1
 Cast: Sting             |    27 |    18 |     1 ||    46
       Poisonous Vapours |     1 |     6 |       ||     7
       Mephitic Cloud    |       |     3 |       ||     3
 Abil: Spit Poison       |    14 |    15 |     1 ||    30
  Use: Scroll            |       |       |     3 ||     3
       Potion            |       |       |     2 ||     2
 Stab: Sleeping          |     2 |       |       ||     2
       Confused          |       |     2 |       ||     2
Armor: Robe              |    13 |    18 |     7 ||    38
Dodge: Dodged            |    38 |    43 |    17 ||    98
